 Dungeon Crawl Stone Soup version 0.27.1-2-g3b301248ec (webtiles) character file.

Game seed: 4428569141077778297

103 Descartes the Scratcher (level 4, -6/19 HPs)
             Began as a Felid Wanderer on Oct 2, 2021.
             Killed from afar by an orc wizard (11 damage)
             ... with a magic dart
             ... on level 3 of the Dungeon.
             The game lasted 00:07:06 (4307 turns).

Descartes the Scratcher (Felid Wanderer)            Turns: 4307, Time: 00:07:08

Health: -6/19      AC:  1    Str:  8    XL:     4   Next: 51%
Magic:  6/6        EV: 17    Int: 15    God:
Gold:   52         SH:  0    Dex: 14    Spells: 3/5 levels left
                                        Lives:  0   Deaths: 1

rFire    . . .     SeeInvis +     - Unarmed
rCold    . . .     Faith    .   (shield unavailable)
rNeg     . . .     Spirit   .   (armour unavailable)
rPois    .         Reflect  .   (helmet unavailable)
rElec    .         Harm     .   (cloak unavailable)
rCorr    .         Rampage  .   (gloves unavailable)
Will     .....                  (boots unavailable)
Stlth    +++.......             (no amulet)
HPRegen  0.06/turn              (no ring)
MPRegen  0.10/turn              (no ring)

@: quick
A: very small, claws 1, fangs 3, see invisible, speed 1, shaggy fur 1, stealthy
paws, no weapons or thrown items, no armour, multi-lived
a: no special abilities


You were on level 3 of the Dungeon.
You visited 1 branch of the dungeon, and saw 3 of its levels.

You collected 52 gold pieces.

Inventory:

Scrolls
 b - a scroll of blinking
 c - 2 scrolls of teleportation
 g - a scroll of enchant armour {unknown}
 h - a scroll of fear {unknown}
 i - a scroll of amnesia {unknown}
 j - a scroll of noise {unknown}
 l - a scroll of identify {unknown}
Potions
 a - a potion of haste
 d - 2 potions of curing
 e - a potion of might {unknown}
 f - a potion of attraction {unknown}
 k - a potion of invisibility {unknown}


   Skills:
 - Level 1.0 Fighting
 + Level 3.2 Dodging
 + Level 4.6 Stealth
 + Level 4.8 Unarmed Combat
 - Level 1.0 Spellcasting
 + Level 2.3 Translocations
 - Level 1.7 Air Magic


You had 3 spell levels left.
You knew the following spells:

 Your Spells              Type           Power      Damage    Failure   Level
a - Blink                 Tloc           N/A        N/A       14%         2

Your spell library contained the following spells:

 Spells                   Type           Power      Damage    Failure   Level
 Lesser Beckoning         Tloc           3%         N/A       28%         3
 Manifold Assault         Tloc           7%         N/A       95%         5


Dungeon Overview and Level Annotations

Branches:
Dungeon (3/15)

Altars:
Ru


Innate Abilities, Weirdness & Mutations

You have sharp claws.
You have razor-sharp teeth.
You have supernaturally acute eyesight. (SInv)
You cover ground quickly. (Speed+)
You are covered in fur. (AC +1)
Your paws help you pounce on unaware monsters.
You are incapable of wielding weapons or throwing items.
You cannot wear armour.
You gain extra lives every three experience levels.


Message History

You closely miss the orc. The orc closely misses you.
You scratch the orc but do no damage. You bite the orc, but do no damage.
You scratch the orc.
The orc is moderately wounded.
The orc hits you with a +0 whip.
You are too injured to fight recklessly!
You are too injured to fight recklessly!
You are too injured to fight recklessly!
You are too injured to fight recklessly!
You are too injured to fight recklessly!
You are too injured to fight recklessly!
The orc completely misses you.
Found a stone staircase leading up.
The orc priest looks satisfied for a moment.
Found 10 gold pieces.
The orc shouts!
You see here a +0 short sword.
There is a stone staircase leading up here.
You climb upwards.
There is a stone staircase leading down, spattered with blood here.
HP restored.
Done exploring.
There is a stone staircase leading down here.
You climb downwards.
There is a stone staircase leading up here.
An orc is nearby!
The orc wizard shouts!
You hear a shout!
The orc shouts! x2
The orc wizard gestures at you while chanting.
You resist with some effort.
You hear a shout!
The orc hits you with a +0 hand axe!
The orc wizard gestures at you while chanting.
You resist with some effort.
You closely miss the orc. The orc hits you with a +0 flail!
* * * LOW HITPOINT WARNING * * *
The orc misses you. The orc wizard casts a spell at you.
The magic dart hits you!
Ouch! That really hurt!
You die...

####..≈≈._≈≈....##.#
#.....≈≈≈≈≈≈....##.#
#.....≈≈≈≈≈≈.#####.#
#...#........# #.#
#############...#..####.######.##
............'.......# #......#...
#############...###.###......#.##
## #.....o###..##......#### .#
#.o....@.....#.......... .###
#####......o.....#......###. ...#
#................#......# #.
...###.....o.o........#......###.
...'.'....o..................(...
...###.....#######....#.###.###..
...# #.....# #......# #.# #o.
...# ####### #...#..# #.# #..
...# #####.[# #.# #..


You could see an orc priest (wandering), an orc wizard and 4 orcs.

Vanquished Creatures
  2 orc wizards
  4 adders (D:2)
  A worm (D:3)
  6 dart slugs
  3 orcs
  6 endoplasms
  4 goblins
  5 hobgoblins
  9 kobolds
  A ball python (D:2)
  3 bats
  A frilled lizard (D:1)
  6 rats
51 creatures vanquished.

Notes
Turn   | Place    | Note
-------+----------+-------------------------------------------
     0 | D:1      | Descartes the Felid Wanderer began the quest for the Orb.
     0 | D:1      | Descartes set off with the following items: a potion of
                  | haste, a scroll of blinking, a scroll of teleportation, a
                  | potion of curing
     0 | D:1      | Reached XP level 1. HP: 9/9 MP: 3/3
   251 | D:1      | Reached skill level 1 in Dodging
   251 | D:1      | Reached XP level 2. HP: 6/12 MP: 4/4
   729 | D:1      | Learned a level 2 spell: Blink
  1307 | D:1      | Reached XP level 3. HP: 14/15 MP: 5/5
  1985 | D:2      | Reached skill level 1 in Translocations
  2009 | D:2      | Reached XP level 4. HP: 15/19 MP: 6/6
  2592 | D:2      | Killed from afar by an orc wizard
  2593 | D:2      | Reached XP level 3. HP: 0/15 MP: 5/5
  2985 | D:3      | Reached XP level 4. HP: 11/19 MP: 6/6
  3529 | D:3      | Found a sacrificial altar of Ru.
  4307 | D:3      | Killed from afar by an orc wizard

Illustrated notes

Levels and vault maps discovered:
D:1:      psy_arrival_heroes, layout_basic
D:2:      layout_rooms
D:3:      layout_basic, general_overflow_altar

Skill      XL: |  1  2  3 |
---------------+----------+-----
Stealth        | 3 4 |  4.6
Dodging        | 1 3 |  3.2
Translocations | 2 |  2.3
Fighting       | |  1.0
Unarmed Combat | |  4.8
Spellcasting   | |  1.0
Air Magic      | |  1.7

Action                   |  1- 3 |  4- 6 || total
-------------------------+-------+-------++-------
Melee: Unarmed           |    90 |    72 ||   162
       Bite              |    13 |     6 ||    19
       Punch             |     1 |       ||     1
 Stab: Sleeping          |     7 |     1 ||     8
Armor: Skin              |     3 |     4 ||     7
Dodge: Dodged            |    55 |    67 ||   122
